 Dungeon Crawl Stone Soup version 0.27-a0-828-g8289197e94 (webtiles) character file.

Game seed: 15365421986549117602

14352 polve the Transmogrifier (level 11, -2/131 (139) HPs)
             Began as a Black Draconian Transmuter on Mar 30, 2021.
             Slain by a hell rat (11 damage)
             ... on level 1 of the Lair of Beasts.
             The game lasted 00:29:25 (17547 turns).

polve the Transmogrifier (DrTm)                    Turns: 17547, Time: 00:29:25

HP:   -2/131 (139)  AC: 13    Str: 13    XL:     11   Next: 87%
MP:   16/16         EV:  8    Int: 23    God:
Gold: 529           SH:  0    Dex: 11    Spells: 2/17 levels left

rFire    . . .     SeeInvis .     - Unarmed
rCold    . . .     Faith    .   (shield currently unavailable)
rNeg     . . .     Spirit   .   (armour unavailable)
rPois    +         Reflect  .   (helmet currently unavailable)
rElec    .         Harm     .   (cloak currently unavailable)
rCorr    .         Rampage  .   (gloves currently unavailable)
Will     .....                  (boots currently unavailable)
Stlth    ++++......             (no amulet)
HPRegen  0.31/turn              k - +4 ring of protection
MPRegen  0.15/turn              t - +6 ring of intelligence

@: hydra-form, studying 2 skills, drained
A: fast swimmer, devour, amphibious, boosted hp, (breathe lightning), AC +7,
very large, unfitting armour, (electricity resistance), (cold-blooded)
a: End Transformation


You were on level 1 of the Lair of Beasts.
You were a six-headed hydra.
You visited 2 branches of the dungeon, and saw 12 of its levels.
You also visited: Ossuary.

You collected 529 gold pieces.

Inventory:

Armour
 a - a +0 pair of gloves (melded)
 d - a +0 pair of boots (melded)
 g - a scarf of repulsion (melded)
Jewellery
 k - a +4 ring of protection (left foreclaw)
 l - a ring of poison resistance
 t - a +6 ring of intelligence (right foreclaw)
 A - a ring of wizardry
 E - a ring of positive energy
Wands
 b - a wand of flame (16)
 n - a wand of mindburst (22)
 y - a wand of paralysis (5)
Scrolls
 c - 5 scrolls of teleportation
 e - 3 scrolls of fog {unknown}
 f - a scroll of summoning {unknown}
 h - a scroll of amnesia {unknown}
 i - 6 scrolls of enchant armour
 m - 2 scrolls of fear
 o - 2 scrolls of magic mapping
 u - 4 scrolls of blinking {unknown}
 v - 4 scrolls of enchant weapon {unknown}
 C - 2 scrolls of noise {unknown}
 D - 2 scrolls of identify
Potions
 j - 2 potions of brilliance
 p - a potion of degeneration
 q - 3 potions of attraction
 r - 2 potions of flight {unknown}
 s - 3 potions of curing
 x - a potion of resistance {unknown}
 z - a potion of might {unknown}
 B - a potion of lignification


   Skills:
 - Level 13.2 Fighting
 - Level 2.9 Dodging
 - Level 10.0 Stealth
 - Level 4.7 Unarmed Combat
 - Level 3.8 Spellcasting
 + Level 13.5 Transmutations
 - Level 1.8 Ice Magic
 - Level 1.8 Poison Magic


You had 2 spell levels left.
You knew the following spells:

 Your Spells              Type           Power      Damage    Failure   Level
a - Beastly Appendage     Tmut           100%       N/A       1%          1
b - Wereblood             Tmut           61%        N/A       1%          2
c - Spider Form           Tmut/Pois      19%        N/A       1%          3
d - Ice Form              Ice/Tmut       39%        N/A       4%          4
e - Hydra Form            Tmut           30%        N/A       1%          5

Your spell library contained the following spells:

 Spells                   Type           Power      Damage    Failure   Level
 Freeze                   Ice            52%        1d7       4%          1
 Petrify                  Tmut/Erth      35%        N/A       7%          4
 Frozen Ramparts          Ice            26%        1d4       14%         3
 Ozocubu's Armour         Ice            13%        N/A       14%         3
 Yara's Violent Unravell  Hex/Tmut       17%        3d8       19%         5
 Confusing Touch          Hex            4%         N/A       32%         3
 Gell's Gravitas          Tloc           2%         N/A       32%         3
 Hailstorm                Conj/Ice       8%         3d4       58%         4
 Summon Ice Beast         Ice/Summ       8%         N/A       58%         4
 Metabolic Englaciation   Hex/Ice        4%         N/A       90%         5


Dungeon Overview and Level Annotations

Branches:
Dungeon (11/15)            Temple (0/1) D:4            Lair (1/6) D:11
    Orc (0/2) D:10        Ossuary (visited)

Altars:
Ru
Yredelemnul
The Shining One

Annotations:
D:9 2 transporters
Lair:1 Fannar


Innate Abilities, Weirdness & Mutations

You are a six-headed hydra.
You swim very quickly.
You can devour living enemies to heal.
You are amphibious.
Your maximum health is greatly increased.
Your armour is entirely melded.
You are incapable of wielding weapons or throwing items.
((You can breathe wild blasts of lightning.))
((Your glossy black scales are hard. (AC +7)))
You cannot fit into any form of body armour.
((You are resistant to electric shocks. (rElec)))
((You are cold-blooded and may be slowed by cold attacks.))


Message History

A yak comes into view. 2 yaks come into view.
Fannar casts a spell.
Fannar blinks!
The yak moves out of view.
You gouge the yak!!
The yak is heavily wounded.
The yak gores you.
* * * LOW HITPOINT WARNING * * *
Fannar casts a spell.
You nip at the yak.
The yak is severely wounded.
The yak gores you but does no damage.
A yak comes into view.
You nip at the yak.
The yak is severely wounded.
A yak comes into view.
The yak gores you!
* * * LOW HITPOINT WARNING * * *
You gouge the yak!!
You devour the yak!
You feel better.
You kill the yak!
You nip at the hell rat but do no damage.
The hell rat is moderately wounded.
A yak comes into view.
The hell rat bites you but does no damage.
Fannar says, "Freeze!"
The hell rat completely misses you.
The sentinel's mark upon you fades away.
The hell rat bites you but does no damage.
The hell rat bites you.
* * * LOW HITPOINT WARNING * * *
You feel drained.
* * * LOW HITPOINT WARNING * * *
The hell rat bites you.
* * * LOW HITPOINT WARNING * * *
The hell rat bites you!
* * * LOW HITPOINT WARNING * * *
You nip at the hell rat.
The hell rat is lightly wounded.
The hell rat bites you!
You die...

....Y###########....♣♣..♣♣♣♣)♣♣♣♣
.....#.#..######...♣♣♣♣.♣♣♣..♣♣♣.
................Y...♣♣...♣♣...♣♣.
>................................
....................♣....♣♣...♣♣.
...................♣♣.♣.♣♣♣♣.♣.♣♣
....................♣...♣♣♣♣.♣♣♣♣
#....#.####.#P##r...♣....♣....♣♣.
#....###.#######D................
..............##....♣♣...♣♣...♣♣.
#....##.......##...♣♣♣♣...♣..♣♣.♣
......#.......#....♣♣♣♣.♣♣♣♣.♣.♣♣
#..[.##.......#.....♣♣...♣♣...♣♣.
#....#........##.................
#....####PP#####....##..........P
.....#######P###...............##
...............................##


You could see a yak and a hell rat.

Vanquished Creatures
  A two-headed ogre (D:8)
  3 death yaks (D:11)
  Nergalle (Lair:1)
  Joseph (D:10)
  A cane toad (Lair:1)
  Maggie (D:6)
  An unseen horror (D:11)
  24 yaks
  Eustachio (D:6)
  A shadow (D:11)
  2 vampires (D:9)
  A basilisk (Lair:1)
  Menkaure (D:6)
  6 water moccasins
  A black bear (D:4)
  2 orc warriors
  An ice beast (D:5)
  A hornet zombie (D:8)
  2 ogres (D:4)
  A sky beast (D:6)
  4 necrophages
  2 phantoms
  A centaur (D:10)
  2 kobold brigands
  3 bullfrogs
  2 gnoll sergeants
  A scorpion (D:7)
  16 killer bees
  5 howler monkeys
  10 wights
  6 bullfrog zombies (Ossuary)
  7 centaur zombies
  2 jellies
  3 orc priests
  4 hounds
  2 centaur skeletons
  Jessica (D:3)
  A bullfrog skeleton (D:6)
  5 iguanas
  8 orc wizards
  4 hell rats (Lair:1)
  4 killer bee zombies
  16 mummies (Ossuary)
  2 howler monkey zombies
  3 gnolls (D:8)
  4 adders
  An ufetubus (D:6)
  3 dart slugs
  32 orcs
  2 ball pythons
  5 endoplasms
  4 giant cockroaches
  8 goblins
  4 hobgoblins
  23 jackals
  13 kobolds
  2 quokkas
  4 bats
  3 frilled lizards
  2 gnoll zombies (D:3)
  5 rats
282 creatures vanquished.

Vanquished Creatures (others)
  4 withered plants (Ossuary)
4 creatures vanquished.

Grand Total: 286 creatures vanquished

Notes
Turn   | Place    | Note
-------+----------+-------------------------------------------
     0 | D:1      | polve the Draconian Transmuter began the quest for the Orb.
     0 | D:1      | Reached XP level 1. HP: 16/16 MP: 3/3
   293 | D:1      | Reached XP level 2. HP: 23/23 MP: 5/5
   459 | D:1      | You fall into a shaft and drop 1 floor!
  1054 | D:2      | Reached XP level 3. HP: 25/28 MP: 6/6
  1844 | D:3      | Noticed Jessica
  1858 | D:3      | Killed Jessica
  1859 | D:3      | Reached XP level 4. HP: 10/35 MP: 5/7
  2493 | D:3      | Learned a level 2 spell: Wereblood
  2497 | D:3      | Learned a level 3 spell: Spider Form
  2757 | D:3      | Found a basalt altar of Yredelemnul.
  2913 | D:4      | Noticed a black bear
  2920 | D:4      | Noticed an ogre
  2924 | D:4      | Killed a black bear
  2925 | D:4      | Reached skill level 5 in Transmutations
  2925 | D:4      | Reached XP level 5. HP: 40/40 MP: 8/8
  2930 | D:4      | Killed an ogre
  2931 | D:4      | Reached XP level 6. HP: 47/47 MP: 9/9
  3067 | D:4      | Found a staircase to the Ecumenical Temple.
  3248 | D:4      | HP: 2/47 [acid (10)]
  3818 | D:4      | Found a sacrificial altar of Ru.
  4450 | D:4      | Your scales start taking on a glossy black colour.
  4450 | D:4      | Reached XP level 7. HP: 13/52 MP: 10/10
  4450 | D:4      | Gained mutation: You are resistant to electric shocks.
                  | (rElec) [Black Draconian growth]
  4790 | D:5      | Entered Level 5 of the Dungeon
  4927 | D:5      | Learned a level 4 spell: Ice Form
  5357 | D:5      | Reached XP level 8. HP: 58/59 MP: 9/11
  6007 | D:6      | Reached skill level 10 in Transmutations
  6065 | D:6      | Noticed Maggie
  6107 | D:6      | Killed Maggie
  6800 | D:6      | Noticed Menkaure
  6815 | D:6      | Killed Menkaure
  7154 | D:6      | Noticed Eustachio
  7244 | D:6      | Killed Eustachio
  7245 | D:6      | Reached XP level 9. HP: 39/64 MP: 9/13
  7752 | D:6      | Learned a level 5 spell: Hydra Form
  8817 | D:7      | Reached skill level 1 in Ice Magic
  8817 | D:7      | Reached skill level 1 in Poison Magic
  9485 | D:8      | Reached skill level 1 in Stealth
  9496 | D:8      | Reached skill level 5 in Fighting
  9781 | D:8      | Found a sand-covered staircase.
  9818 | Ossuary  | Entered an ossuary
  9991 | Ossuary  | Reached XP level 10. HP: 39/84 MP: 13/15
 10698 | D:8      | Noticed a two-headed ogre
 10705 | D:8      | Killed a two-headed ogre
 11046 | D:8      | Reached skill level 5 in Stealth
 11212 | D:8      | Reached skill level 10 in Fighting
 12543 | D:9      | Found a transporter.
 12776 | D:9      | Noticed a boulder beetle
 13247 | D:9      | Found a transporter.
 14042 | D:10     | Entered Level 10 of the Dungeon
 14457 | D:10     | Noticed Joseph
 14472 | D:10     | Killed Joseph
 14473 | D:10     | Reached XP level 11. HP: 98/104 MP: 11/16
 15017 | D:10     | Found a staircase to the Orcish Mines.
 15851 | D:11     | Noticed a death yak
 16067 | D:11     | Noticed a death yak
 16068 | D:11     | Noticed a death yak
 16094 | D:11     | Killed a death yak
 16095 | D:11     | Reached skill level 10 in Stealth
 16150 | D:11     | Killed a death yak
 16162 | D:11     | Killed a death yak
 16208 | D:11     | Found a staircase to the Lair.
 16418 | D:11     | Found a glowing golden altar of the Shining One.
 16656 | Lair:1   | Entered Level 1 of the Lair of Beasts
 16903 | Lair:1   | Identified the +3 long sword "Pixkean" {flame, +Fly rC+
                  | Dex+3}
 17278 | Lair:1   | Noticed Nergalle
 17287 | Lair:1   | Killed Nergalle
 17495 | Lair:1   | Noticed Fannar
 17547 | Lair:1   | Slain by a hell rat

Illustrated notes

Levels and vault maps discovered:
D:1:      amcnicky_arrival_gap_in_the_tavern_cellar, layout_loops_cross
D:2:      layout_basic
D:3:      layout_basic, lemuel_zombie_altar_yredelemnul, uniq_jessica
D:4:      layout_loops_ring, minmay_temple_entry_stoned_glass,
          nicolae_ru_great_annihilating_truth
D:5:      layout_cave_pools, kennysheep_generic_room_3
D:6:      layout_basic, minmay_manual_mullet, uniq_eustachio, uniq_menkaure,
          uniq_maggie
D:7:      layout_basic, minmay_crystal_room
D:8:      layout_rooms, nicolae_ossuary_entry_false_entrances,
          minmay_manual_monolith
D:9:      gammafunk_boulding_lane, layout_cave_pods, minivault_25
D:10:     layout_stronghold, orc_0_dummy, uniq_joseph
D:11:     layout_roguey, dpeg_lair_monsters, tso_altar
Lair:1:   layout_regular_city, nicolae_lair_grove_arrangements,
          grunt_megastairs_3, uniq_nergalle, uniq_fannar

Skill      XL: |  1  2  3  4  5  6  7  8  9 10 11 |
---------------+----------------------------------+-----
Transmutations | 3 4 5 6 7 9 11 13 | 13.5
Spellcasting   | 3 |  3.8
Dodging        | 2 |  2.9
Fighting       | 6 12 13 | 13.2
Unarmed Combat | 4 |  4.7
Ice Magic      | 1 |  1.8
Poison Magic   | 1 |  1.8
Stealth        | 3 8 10 | 10.0

Action                   |  1- 3 |  4- 6 |  7- 9 | 10-12 || total
-------------------------+-------+-------+-------+-------++-------
Melee: Unarmed           |   165 |   160 |   505 |   423 ||  1253
       Tailslap          |    18 |    14 |    26 |    11 ||    69
       Punch             |     2 |     2 |     5 |       ||     9
       Headbutt          |     4 |    12 |    44 |     2 ||    62
       Kick              |     2 |    26 |    49 |     1 ||    78
 Cast: Beastly Appendage |     6 |    12 |    24 |     2 ||    44
       Spider Form       |       |       |     2 |       ||     2
       Hydra Form        |       |       |     8 |    36 ||    44
 Abil: Breathe Lightning |       |       |    21 |     2 ||    23
       End Transformatio |       |       |     2 |       ||     2
  Use: Potion            |       |     2 |     4 |     3 ||     9
       Scroll            |       |       |     5 |     1 ||     6
 Stab: Paralysed         |       |     1 |       |       ||     1
       Sleeping          |       |       |       |     2 ||     2
Armor: Skin              |    53 |    62 |   205 |   184 ||   504
Dodge: Dodged            |   121 |    90 |   262 |   169 ||   642

Table legend: (Time is in decaauts)
 A = Elapsed time spent in this place.
 B = Non-inter-level travel time spent in this place.
 C = Inter-level travel time spent in this place.
 D = Time resting spent in this place.
 E = Time spent auto-exploring this place.
 F = Levels seen in this place.
 G = Mean time per level.
                   A        B        C        D        E       F      G
               +--------+--------+--------+--------+--------+-----+--------+
         Total |  17509 |  17119 |    390 |    910 |  13638 |  13 | 1346.8 |
       Dungeon |  16018 |  15628 |    390 |    910 |  12534 |  11 | 1456.2 |
          Lair |    883 |    883 |      0 |      0 |    705 |   1 |  883.0 |
       Ossuary |    606 |    606 |      0 |      0 |    399 |   1 |  606.0 |
               +--------+--------+--------+--------+--------+-----+--------+

Top non-repeatable levels by time:
     D:6: 2256 daAuts
     D:8: 2241 daAuts
     D:9: 1780 daAuts
     D:4: 1631 daAuts
     D:3: 1485 daAuts
    D:10: 1319 daAuts
     D:5: 1291 daAuts
    D:11: 1278 daAuts
     D:2: 1203 daAuts
     D:7: 1074 daAuts
  Lair:1: 883 daAuts
 Ossuary: 606 daAuts
     D:1: 457 daAuts
